 Dungeon Crawl Stone Soup version 0.31-a0-175-g9f7f995f2b (webtiles) character file.

Game seed: 5754809046518923498

194 qw the Chopper (level 5, -3/32 HPs)
             Began as a Gargoyle Fighter on June 16, 2023.
             Slain by an ice beast (8 damage)
             ... on level 5 of the Dungeon.
             The game lasted 00:01:13 (3056 turns).

qw the Chopper (Gargoyle Fighter)                   Turns: 3056, Time: 00:01:14

Health: -3/32      AC: 12    Str: 21    XL:     5   Next: 73%
Magic:  0/5        EV:  9    Int: 12    God:
Gold:   205        SH:  4    Dex:  9    Spells: 4/4 levels left

rFire   + . .        Y - +0 war axe
rCold   . . .        c - +0 buckler
rNeg    + . .        b - +0 scale mail
rPois   inf          h - -2 helmet "Umiely" {rF+ Int+3}
rElec   +            (no cloak)
rCorr   .            (no gloves)
SInv    .            o - +1 pair of boots
Will    .....        i - amulet of guardian spirit Stlth
                     (no ring)
HPRegen 0.25/turn    (no ring)
MPRegen 0.09/turn

%: guardian spirit
@: about to teleport
A: sickness immunity, AC +4, negative energy resistance 1, electricity
resistance, torment resistance 1, petrification resistance
a: no special abilities


You were on level 5 of the Dungeon.
You visited 2 branches of the dungeon, and saw 6 of its levels.

You collected 205 gold pieces.


Innate Abilities, Weirdness & Mutations

You are immune to sickness and miasma.
Your stone body is resilient. (AC +4)
You are immune to poison.
You resist negative energy. (rN+)
You are resistant to electric shocks. (rElec)
You are resistant to unholy torment.
You are immune to petrification.


   Skills:
 + Level 3.3 Fighting
 - Level 5.0 Axes
 - Level 1.0 Throwing
 - Level 3.2 Armour
 - Level 3.2 Shields


You had 4 spell levels left.
You didn't know any spells.
Your spell library was empty.

Inventory:

Hand Weapons
 n - a +0 whip
 Y - a +0 war axe (weapon)
Armour
 b - a +0 scale mail (worn)
 c - a +0 buckler (worn)
 h - the -2 helmet "Umiely" (worn) {rF+ Int+3}
   (You acquired it on level 2 of the Dungeon)

   Int:       It affects your intelligence (+3).
   rF:        It protects you from fire.
 o - a +1 pair of boots (worn)
Jewellery
 i - an amulet of guardian spirit (around neck)
Scrolls
 a - 3 scrolls of teleportation
Potions
 d - 2 potions of might
 e - a potion of attraction
 f - a potion of mutation {unknown}
 g - a potion of brilliance {unknown}
 k - a potion of degeneration {unknown}
 l - a potion of cancellation
 m - 2 potions of curing

Dungeon Overview and Level Annotations

Branches:
Dungeon (5/15)             Temple (1/1) D:4

Altars:
Ashenzari
Cheibriados
Dithmenos
Elyvilon
Gozag
Makhleb
Qazlal
Ru
Uskayaw
Vehumet
Xom
Yredelemnul


Message History

Done exploring.
(D) Dungeon (T) Temple
Where to? (* - list waypoints, Enter - D:5, ? - help)
What level of the Dungeon? (default 1, ? - help)
You climb downwards.
There is a stone staircase leading up here.
Found a stone staircase leading down.
An ufetubus comes into view.
The ufetubus shouts!
You slash the ufetubus!
You kill the ufetubus!
An ice beast comes into view.
You see here 5 gold pieces.
You hit the ice beast but do no damage. You block the ice beast's attack.
You slash the ice beast!
The ice beast is moderately wounded.
The ice beast closely misses you.
You slash the ice beast!
The ice beast is heavily wounded.
The ice beast hits you. The ice beast freezes you!
You hit the ice beast.
The ice beast is severely wounded.
The ice beast closely misses you.
The ice beast hits you but does no damage.
You barely miss the ice beast.
The ice beast is severely wounded.
The ice beast hits you but does no damage.
You barely miss the ice beast.
The ice beast is severely wounded.
You block the ice beast's attack.
You hit the ice beast.
The ice beast is almost dead.
The ice beast completely misses you. The ice beast hits you.
The ice beast freezes you!
3056 ||| READING 4 scrolls of teleportation.
As you read the scroll of teleportation, it crumbles to dust.
You feel strangely unstable. The ice beast hits you. The ice beast freezes you!
You die...

##### ### ##
#.#.#########.#
#.
#.@...........#
#.
#Y###########.#
#. #. #.# #. #.
#.# #. #. #.#
#. #. #.# #. #.
#.# #. ..
#.##### #.#....


You could see an ice beast.

Vanquished Creatures
  An ogre (D:4)
  A sleepcap (D:4)
  An ufetubus (D:5)
  3 worms
  An orc (D:4)
  3 bats
  9 endoplasms
  4 giant cockroaches
  8 goblins
  5 hobgoblins
  7 jackals
  2 quokkas
  9 ball pythons
  7 kobolds
  3 rats
64 creatures vanquished.

Notes
Turn   | Place    | Note
-------+----------+-------------------------------------------
     0 | D:1      | qw the Gargoyle Fighter began the quest for the Orb.
     0 | D:1      | Reached XP level 1. HP: 14/14 MP: 1/1
     0 | D:1      | 0 ||| qw: Version: 0.2-a-29-g511e9b1
     0 | D:1      | 0 ||| qw: Game counter: 5887
     0 | D:1      | 0 ||| qw: Always use a shield: true
     0 | D:1      | 0 ||| qw: God list: Okawaru
     0 | D:1      | 0 ||| qw: Allow faded altars: false
     0 | D:1      | 0 ||| qw: Do Orc after D:15 true
     0 | D:1      | 0 ||| qw: Do second Lair branch before Depths: true
     0 | D:1      | 0 ||| qw: Lair rune preference: random
     0 | D:1      | 0 ||| qw: Plans: Normal, Zot:1-4, Slime:5, God:TSO, Crypt,
                  | Tomb, Abyss, Pan, Hells, Win
     0 | D:1      | 0 ||| PLANNING D:1-11
    22 | D:1      | Reached skill level 2 in Axes
    59 | D:1      | 59 ||| Stepping ~*~*~tactically~*~*~ (stealth).
    66 | D:1      | 66 ||| Stepping ~*~*~tactically~*~*~ (stealth).
    74 | D:1      | Reached XP level 2. HP: 12/19 MP: 2/2
   182 | D:1      | 182 ||| Stepping ~*~*~tactically~*~*~ (stealth).
   195 | D:1      | 195 ||| Stepping ~*~*~tactically~*~*~ (stealth).
   196 | D:1      | 196 ||| Stepping ~*~*~tactically~*~*~ (stealth).
   246 | D:1      | 246 ||| Stepping ~*~*~tactically~*~*~ (stealth).
   251 | D:1      | Reached skill level 3 in Axes
   251 | D:1      | 251 ||| Stepping ~*~*~tactically~*~*~ (stealth).
   259 | D:1      | Reached XP level 3. HP: 23/23 MP: 3/3
   577 | D:1      | 577 ||| READING 2 scrolls labelled NILINNA CATI.
   627 | D:2      | 627 ||| Stepping ~*~*~tactically~*~*~ (stealth).
  1084 | D:2      | Found a faded altar of an unknown god.
  1271 | D:2      | 1271 ||| READING scroll labelled CETREIRICA.
  1272 | D:2      | 1272 ||| READING scroll labelled NITINE ODWA.
  1272 | D:2      | Identified a scroll of acquirement
  1272 | D:2      | 1272 ||| ACQUIRING -2 helmet "Umiely" {rF+ Int+3}
  1272 | D:2      | Acquired the -2 helmet "Umiely" {rF+ Int+3}
  1274 | D:2      | 1274 ||| UPGRADING to -2 helmet "Umiely" {rF+ Int+3}.
  1279 | D:2      | 1279 ||| DRINKING 2 fuming inky potions.
  1357 | D:3      | 1357 ||| Stepping ~*~*~tactically~*~*~ (hiding).
  1358 | D:3      | 1358 ||| Stepping ~*~*~tactically~*~*~ (hiding).
  1360 | D:3      | 1360 ||| Stepping ~*~*~tactically~*~*~ (hiding).
  1361 | D:3      | 1361 ||| Stepping ~*~*~tactically~*~*~ (hiding).
  1362 | D:3      | 1362 ||| Stepping ~*~*~tactically~*~*~ (hiding).
  1364 | D:3      | 1364 ||| Stepping ~*~*~tactically~*~*~ (hiding).
  1380 | D:3      | 1380 ||| DROPPING +0 club.
  1535 | D:3      | Reached skill level 1 in Throwing
  1620 | D:3      | Reached XP level 4. HP: 28/28 MP: 4/4
  1753 | D:3      | 1753 ||| Stepping ~*~*~tactically~*~*~ (hiding).
  1754 | D:3      | 1754 ||| Stepping ~*~*~tactically~*~*~ (hiding).
  1755 | D:3      | 1755 ||| Stepping ~*~*~tactically~*~*~ (hiding).
  1894 | D:3      | 1894 ||| DRINKING 2 fuming pink potions.
  1895 | D:3      | 1895 ||| DROPPING potion of invisibility.
  1927 | D:4      | 1927 ||| Stepping ~*~*~tactically~*~*~ (stealth).
  1940 | D:4      | Reached skill level 4 in Axes
  2332 | D:4      | 2332 ||| Stepping ~*~*~tactically~*~*~ (stealth).
  2343 | D:4      | 2343 ||| Stepping ~*~*~tactically~*~*~ (stealth).
  2452 | D:4      | Found a staircase to the Ecumenical Temple.
  2453 | D:4      | 2453 ||| PLANNING TEMPLE
  2453 | D:4      | 2453 ||| UPGRADING to +1 pair of boots.
  2458 | D:4      | 2458 ||| UPGRADING to amulet of guardian spirit.
  2463 | D:4      | 2463 ||| READING scroll labelled BEDWIS ITWENA.
  2464 | D:4      | 2464 ||| DRINKING 2 glowing silvery potions.
  2465 | D:4      | 2465 ||| DRINKING 3 fizzy golden potions.
  2475 | Temple   | Entered the Ecumenical Temple
  2622 | Temple   | 2622 ||| PLANNING D:1-11
  2680 | D:4      | 2680 ||| Stepping ~*~*~tactically~*~*~ (hiding).
  2935 | D:5      | Entered Level 5 of the Dungeon
  2935 | D:5      | Noticed an ogre
  2942 | D:5      | 2942 ||| STAIRDANCE
  2945 | D:4      | Killed an ogre
  2946 | D:4      | Reached skill level 5 in Axes
  2946 | D:4      | Reached XP level 5. HP: 27/32 MP: 3/5
  3046 | D:5      | Noticed an ice beast
  3055 | D:5      | HP: 7/32 [ice beast (10)]
  3056 | D:5      | 3056 ||| READING 4 scrolls of teleportation.
  3056 | D:5      | Slain by an ice beast

Levels and vault maps discovered:
D:1:      onia_arrival_handbag, layout_rooms, nrook_uturn, minmay_ruptured
D:2:      layout_loops_ring, shapermc_ecumenical_altar_gd
D:3:      layout_rooms
D:4:      layout_cave_pods, minmay_temple_entry_offerings
D:5:      layout_basic, grunt_temple_overflow_open
Temple:   nicolae_temple_bog_church

Skill      XL: |  1  2  3  4 |
---------------+-------------+-----
Axes           | 2 3 5 |  5.0
Throwing       | 1 |  1.0
Fighting       | |  3.3
Armour         | |  3.2
Shields        | |  3.2

Action                     |  1- 3 |  4- 6 || total
---------------------------+-------+-------++-------
  Melee: War axe           |    92 |    53 ||   145
  Throw: Javelin           |    22 |    12 ||    34
    Use: Scroll            |     3 |     2 ||     5
         Potion            |     1 |     3 ||     4
 Armour: Scale mail        |    49 |    21 ||    70
  Dodge: Dodged            |    35 |    16 ||    51
  Block: Buckler           |    17 |     6 ||    23

Table legend:
 A = Non-vault XP
 B = Vault XP
 C = Vault XP percentage of total XP
 D = Non-vault monster count
 E = Vault monster count
 F = Vault count percentage of total count
                 A         B        C        D         E       F
            +---------+---------+-------+---------+---------+-------
      Total |     272 |       6 |   2.2 |      59 |       5 |   7.8
            +---------+---------+-------+---------+---------+-------
        D:1 |      38 |       6 |  13.6 |      21 |       5 |  19.2
        D:2 |      12 |       0 |   0.0 |       7 |       0 |   0.0
        D:3 |      39 |       0 |   0.0 |      19 |       0 |   0.0
        D:4 |     175 |       0 |   0.0 |      11 |       0 |   0.0
        D:5 |       8 |       0 |   0.0 |       1 |       0 |   0.0
            +---------+---------+-------+---------+---------+-------
